 Dungeon Crawl Stone Soup version 0.18-a0-640-g2c992fa (webtiles) character file.

61 Kel the Chopper (level 4, -4/27 HPs)
             Began as a Gargoyle Gladiator on Dec 3, 2015.
             Killed from afar by Terence (8 damage)
             ... with a wand of magic darts
             ... on level 2 of the Dungeon on Dec 4, 2015.
             The game lasted 00:03:07 (1113 turns).

Kel the Chopper (Gargoyle Gladiator)                Turns: 1113, Time: 00:03:07

Health: -4/27      AC:  7    Str: 19    XL:     4   Next: 7%
Magic:  4/4        EV: 12    Int:  9    God:
Gold:   78         SH:  0    Dex: 10    Spells: 0 memorised, 3 levels left

rFire  . . .     SeeInvis .     a - +0 war axe
rCold  . . .     Clarity  .     b - +0 leather armour
rNeg   + . .     SustAt   .     (no shield)
rPois  ∞         Gourm    .     c - +0 helmet
rElec  +         Spirit   .     (no cloak)
rCorr  .         Dismiss  .     (no gloves)
rMut   .         Stasis   .     (no boots)
MR     .....                    (no amulet)
Stlth  +.........               (no ring)
                                (no ring)

@: not resistant to hostile enchantments, very unstealthy
A: negative energy resistance 1, electricity resistance, unbreathing,
petrification resistance, rot immunity, AC +3
a: no special abilities


You were on level 2 of the Dungeon.
You were hungry.

You visited 1 branch of the dungeon, and saw 2 of its levels.

You collected 78 gold pieces.

Inventory:

Hand Weapons
 a - a +0 war axe (weapon)
Missiles
 d - 4 throwing nets (quivered)
Armour
 b - a +0 leather armour (worn)
 c - a +0 helmet (worn)
Jewellery
 n - an uncursed ring of ice
Scrolls
 g - a scroll of fear {unknown}
 h - 2 scrolls of teleportation {unknown}
 i - a scroll of remove curse {unknown}
 j - 2 scrolls of identify {unknown}
Potions
 f - a potion of resistance {unknown}
 k - a potion of agility {unknown}
 l - a potion of might {unknown}
 m - a potion of heal wounds {unknown}
Comestibles
 e - a bread ration


   Skills:
 + Level 2.9 Fighting
 + Level 3.2 Axes
 + Level 2.8 Throwing
 + Level 2.6 Dodging


You had 3 spell levels left.
You didn't know any spells.

Dungeon Overview and Level Annotations

Branches:
Dungeon (2/15)

Altars:

Annotations:
D:2 Terence


Innate Abilities, Weirdness & Mutations

You are resistant to torment.
Your stone body is resilient (AC +3).
You are immune to poison.
You resist negative energy.
You are resistant to electric shocks.
You can survive without breathing.
You are immune to petrification.
You are immune to rotting.


Message History

Terence zaps a wand.
The magic dart hits you!
It is a wand of magic darts.
You are too injured to fight recklessly!
You are too injured to fight recklessly!
You are too injured to fight recklessly!
You slash the worm!
The worm is almost dead.
The worm barely misses you.
You hit the worm.
You kill the worm!
Terence zaps a wand.
The magic dart hits you!
* * * LOW HITPOINT WARNING * * *
Terence hits you with a flail.
* * * LOW HITPOINT WARNING * * *
Found a stone staircase leading up.
Things that are here:
a whip; an animal skin; a helmet You slash Terence!
Terence is moderately wounded.
Terence zaps a wand.
The magic dart hits you!
You die...

# ..< #.#.. .#
.#.. ##. ... ...
#.. #.# #.# #..
#.# #.#
#.#..###.# #.#
#...@@)).#
#####.#
....#####).####
...#.# .
#...).######.#.#
#.........†)....
#..###....).†.<.
#..# #.#####.###
...## #.# #.#
#.### #.# #.# #.
#.# #.#


You could see Terence.

Vanquished Creatures
  Robin (D:2)
  An ooze (D:1)
  A worm (D:2)
  A giant gecko (D:1)
  A giant cockroach (D:1)
  14 goblins
  4 hobgoblins
  A ball python (D:1)
  4 giant newts (D:1)
  5 kobolds
  16 rats (D:1)
49 creatures vanquished.

Notes
Turn   | Place    | Note
--------------------------------------------------------------
     0 | D:1      | Kel the Gargoyle Gladiator began the quest for the Orb.
     0 | D:1      | Reached XP level 1. HP: 12/12 MP: 1/1
    50 | D:1      | Reached XP level 2. HP: 18/18 MP: 2/2
    72 | D:1      | Upgraded the game from 0.18-a0-597-g3d6925d to 0.18-a0-640-g2c992fa
   258 | D:1      | Reached skill level 3 in Axes
   375 | D:1      | Reached XP level 3. HP: 8/22 MP: 3/3
  1095 | D:2      | Noticed Robin
  1101 | D:2      | Noticed Terence
  1109 | D:2      | Killed Robin
  1109 | D:2      | Reached XP level 4. HP: 14/27 MP: 4/4
  1113 | D:2      | Killed from afar by Terence

Vault maps used:
D:1:      erik_arrival_orb_chamber, st_stairs_12
D:2:      minitemple, uniq_robin, uniq_terence

Action                   |  1- 3 |  4- 6 || total
-------------------------+-------+-------++-------
Melee: War axe           |   111 |     3 ||   114
 Stab: Sleeping          |     1 |       ||     1
